 Dungeon Crawl Stone Soup version 0.24.1-4-ge52af88ad5 (webtiles) character file.

Game seed: 545898827989335906, levelgen mode: deterministic

893 nicanaca0 the Cleaver (level 7, -5/59 HPs)
             Began as a Minotaur Berserker on Apr 19, 2020.
             Was a Priest of Trog.
             Slain by a gnoll
             ... wielding a +0 halberd
              (8 damage)
             ... on level 5 of the Dungeon.
             The game lasted 00:09:55 (4727 turns).

nicanaca0 the Cleaver (Minotaur Berserker)          Turns: 4727, Time: 00:09:55

Health: -5/59      AC: 11    Str: 21    XL:     7   Next: 78%
Magic:  6/6        EV:  6    Int:  6    God:    Trog [***...]
Gold:   219        SH:  0    Dex: 10    Spells: 6/6 levels left

rFire    . . .     SeeInvis .   b - +0 hand axe
rCold    . . .     Gourm    .   (no shield)
rNeg     . . .     Faith    .   Q - +0 plate armour
rPois    .         Spirit   .   (helmet restricted)
rElec    .         Reflect  .   W - scarf {repulsion}
rCorr    .         Harm     .   (no gloves)
MR       +....                  (no boots)
Stlth    ..........             (no amulet)
HPRegen  0.19/turn              I - ring of protection from magic {MR+, !d}
MPRegen  0.10/turn              (no ring)

@: repel missiles
A: retaliatory headbutt, horns 2
a: Berserk, Trog's Hand, Renounce Religion


You were on level 5 of the Dungeon.
You worshipped Trog.
Trog was most pleased with you.
You were not hungry.

You visited 1 branch of the dungeon, and saw 5 of its levels.

You collected 219 gold pieces.

Inventory:

Hand Weapons
 b - a +0 hand axe (weapon)
Missiles
 j - 116 stones
 m - 10 poisoned darts (quivered)
Armour
 Q - a +0 plate armour (worn)
   (You found it on level 1 of the Dungeon)
 W - a scarf of repulsion (worn)
   (You found it on level 4 of the Dungeon)
Jewellery
 I - a ring of protection from magic (left hand) {MR+, !d}
   (You found it on level 4 of the Dungeon)
Wands
 C - a wand of disintegration (17)
   (You found it on level 3 of the Dungeon)
 V - a wand of flame (16)
   (You took it off a kobold on level 3 of the Dungeon)
Scrolls
 d - 5 scrolls of teleportation {@r4}
 g - 2 scrolls of immolation {unknown}
 h - 3 scrolls of remove curse {@r2}
 n - 4 scrolls of amnesia
 o - a scroll of random uselessness {unknown}
Potions
 a - a potion of magic {unknown}
 c - a potion of ambrosia
 f - a potion of mutation {!q}
 i - 2 potions of heal wounds {unknown}
 k - 2 potions of degeneration {unknown}
 p - a potion of lignification {unknown}
 q - 2 potions of brilliance {unknown}
 r - a potion of haste {unknown}
 s - a potion of flight {unknown}
 P - 4 potions of curing {@q1}
Comestibles
 e - 14 chunks of flesh {@e0}
 w - 8 rations


   Skills:
 + Level 4.2 Fighting
 * Level 10.9 Axes
 - Level 2.4 Armour
 - Level 2.1 Dodging


You had 6 spell levels left.
You didn't know any spells.
Your spell library was empty.

Dungeon Overview and Level Annotations

Branches:
Dungeon (5/15)
 Temple: D:4-7

Altars:
Elyvilon
Makhleb
Nemelex Xobeh
Qazlal
Sif Muna
Uskayaw
Zin


Innate Abilities, Weirdness & Mutations

You reflexively headbutt those who attack you in melee.
You have a pair of horns on your head.


Message History

The gnoll hits you but does no damage. x2
The gnoll shaman hits you but does no damage.
Throwing (i - inventory. (/) - cycle)
m - 11 poisoned darts (quivered)
Aim: a gnoll, wielding a +0 club You throw a poisoned dart.
The poisoned dart hits the gnoll shaman.
The gnoll shaman is poisoned.
The gnoll throws a throwing net.
The throwing net hits you.
You become entangled in the net!
The gnoll hits you but does no damage. x3
The gnoll shaman hits you but does no damage.
You are held in a net!
You tear a large gash into the net.
The gnoll hits you but does no damage. x2
The gnoll hits you from afar with a +0 halberd.
The gnoll shaman hits you with a +0 club!
You struggle against the net.
The gnoll hits you but does no damage. x2
The gnoll hits you from afar with a +0 spear.
The gnoll shaman barely misses you.
You should not fight recklessly!
You are held in a net!
You rip the net and break free!
The gnoll hits you from afar with a +0 halberd.
The gnoll hits you but does no damage.
The gnoll hits you from afar with a +0 spear.
The gnoll barely misses you.
The gnoll shaman calls upon its god to speed up the gnoll.
The gnoll seems to speed up.
The gnoll hits you but does no damage. The gnoll hits you with a +0 club.
The gnoll hits you but does no damage. x2
The gnoll hits you but does no damage.
Some of the chunks of flesh in your inventory have rotted away.
Items here: ) [ ÷÷ a cursed +0 leather armour; a +0 mace; an orc skeleton x2
You closely miss the gnoll shaman. Your headbutt misses the gnoll shaman.
The gnoll shaman hits you but does no damage.
You hit the gnoll shaman but do no damage.
You headbutt the gnoll shaman.
The gnoll shaman hits you but does no damage.
You hit the gnoll shaman.
The gnoll shaman hits you but does no damage.
You hit the gnoll shaman. You headbutt the gnoll shaman.
You kill the gnoll shaman!
Trog accepts your kill.
You hit the gnoll.
The gnoll hits you from afar with a +0 spear.
* * * LOW HITPOINT WARNING * * *
The gnoll hits you with a +0 club.
* * * LOW HITPOINT WARNING * * *
You hit the gnoll. Your headbutt misses the gnoll. You hit the gnoll.
Your headbutt misses the gnoll.
The gnoll hits you from afar with a +0 spear.
* * * LOW HITPOINT WARNING * * *
The gnoll hits you but does no damage.
You closely miss the gnoll. The gnoll barely misses you. x2
You barely miss the gnoll. The gnoll barely misses you.
You hit the gnoll.
The gnoll hits you but does no damage. x2
You hit the gnoll but do no damage. You headbutt the gnoll.
You kill the gnoll!
Trog accepts your kill.
Okay, then.
You are confused.
You feel invigorated. The gnoll hits you but does no damage.
The gnoll hits you but does no damage. The gnoll completely misses you.
The gnoll hits you but does no damage.
Items here: $ )) [ †† You bump into the rock wall.
The gnoll barely misses you.
The gnoll hits you but does no damage. x2; The gnoll barely misses you.
You hit the gnoll but do no damage. You headbutt the gnoll.
The gnoll hits you from afar with a +0 spear.
The gnoll hits you with a +0 spear.
The gnoll hits you from afar with a +0 halberd.
* * * LOW HITPOINT WARNING * * *
You bump into the rock wall.
You feel less invigorated.
You feel less confused.
The gnoll hits you but does no damage. x2; The gnoll completely misses you.
You hit the gnoll.
The gnoll hits you from afar with a +0 halberd.
* * * LOW HITPOINT WARNING * * *
The gnoll barely misses you. The gnoll hits you with a +0 spear.
* * * LOW HITPOINT WARNING * * *
You barely miss the gnoll.
The gnoll hits you from afar with a +0 halberd.
* * * LOW HITPOINT WARNING * * *
The gnoll hits you from afar with a +0 spear.
* * * LOW HITPOINT WARNING * * *
The gnoll hits you but does no damage.
You hit the gnoll but do no damage. You headbutt the gnoll.
You kill the gnoll!
Trog accepts your kill. The gnoll hits you but does no damage.
The gnoll closely misses you.
Items here: ) [ ÷÷ a cursed +0 leather armour; a +0 mace; an orc skeleton x2
The gnoll hits you with a +0 halberd!
* * * LOW HITPOINT WARNING * * *
The gnoll barely misses you.
The gnoll hits you from afar with a +0 spear.
* * * LOW HITPOINT WARNING * * *
Items here: $ )) [ †† You hit the gnoll.
The gnoll hits you with a +0 halberd!
You die...

......... ............##...##
.... ## .....>.......#....##....
..# .............##..##...#
###... .............# #......#
.....# . .............###....%.#
#...... ...............[.......#
..... ..
..###......#[###...###..# #.
#.#.....÷##H#.g((.(..(#
#.#.....#..##g#.g...#.........
..##...)..###..gg..g..((##.......
.......)..)...........$## .......
#..####..............?.# .......
...#####........##...... .......
......##.....#.......!..........
###...#.....#####...............
.............#....##.....


You could see 3 gnolls.

Vanquished Creatures
  Sigmund (D:4)
  An ice beast (D:5)
  2 ogres
  2 howler monkeys (D:4)
  A bullfrog zombie (D:5)
  A gnoll shaman (D:5)
  4 orc wizards
  2 worker ants
  2 gnolls (D:5)
  4 adders
  An ooze (D:4)
  An adder skeleton (D:5)
  A worm (D:5)
  A dart slug (D:3)
  4 leopard geckos
  22 orcs
  4 bats
  3 giant cockroaches
  10 goblins
  13 hobgoblins
  6 jackals
  A quokka (D:2)
  A ball python zombie (D:5)
  3 frilled lizards
  4 kobolds
  11 rats
106 creatures vanquished.

Notes
Turn   | Place    | Note
-------+----------+-------------------------------------------
     0 | D:1      | nicanaca0 the Minotaur Berserker began the quest for the
                  | Orb.
     0 | D:1      | Reached XP level 1. HP: 19/19 MP: 0/0
   162 | D:1      | Reached skill level 4 in Axes
   188 | D:1      | Reached XP level 2. HP: 26/26 MP: 1/1
   809 | D:1      | Reached ** piety under Trog
   809 | D:1      | Reached skill level 5 in Axes
   960 | D:2      | Reached XP level 3. HP: 30/31 MP: 2/2
  1027 | D:2      | Found a shimmering blue altar of Sif Muna.
  1288 | D:2      | Reached skill level 6 in Axes
  1288 | D:2      | Reached XP level 4. HP: 18/39 MP: 3/3
  1641 | D:2      | Noticed an ogre
  1657 | D:2      | Killed an ogre
  1657 | D:2      | Reached skill level 7 in Axes
  1657 | D:2      | Reached XP level 5. HP: 37/45 MP: 4/4
  2257 | D:3      | Reached skill level 8 in Axes
  2556 | D:3      | Found a white marble altar of Elyvilon.
  2800 | D:3      | Reached *** piety under Trog
  2824 | D:3      | Found a burning altar of Makhleb.
  2826 | D:3      | Found a sparkling altar of Nemelex Xobeh.
  2826 | D:3      | Found a glowing silver altar of Zin.
  2895 | D:3      | Reached XP level 6. HP: 51/51 MP: 5/5
  3576 | D:4      | HP: 10/51 [ogre/+0 giant spiked club (7)]
  3577 | D:4      | HP: 4/51 [ogre/+0 giant spiked club (6)]
  3578 | D:4      | Reached skill level 9 in Axes
  3918 | D:4      | Found a stormy altar of Qazlal.
  4232 | D:4      | Found a hide-covered altar of Uskayaw.
  4233 | D:4      | Noticed Sigmund
  4246 | D:4      | Killed Sigmund
  4246 | D:4      | Reached skill level 10 in Axes
  4246 | D:4      | Reached XP level 7. HP: 46/57 MP: 6/6
  4463 | D:5      | Entered Level 5 of the Dungeon
  4615 | D:5      | Reached skill level 4 in Fighting
  4726 | D:5      | HP: 6/59 [gnoll/+0 halberd (11)]
  4727 | D:5      | Slain by a gnoll

Levels and vault maps discovered:
D:1:      psy_arrival_conway, layout_loops_ring
D:2:      layout_basic, lemuel_crystal_altar
D:3:      layout_basic, chequers_temple_overflow_statue_of_worship,
          elyvilon_altar_3
D:4:      layout_cave_pools, kennysheep_mini_moat, lemuel_round_altar,
          st_stairs_1, chequers_avenue, uniq_sigmund
D:5:      layout_cave_pools, gammafunk_temple_overflow_wave, first_ration

Skill      XL: |  1  2  3  4  5  6  7 |
---------------+----------------------+-----
Axes           | 4 5 6 7 8 10 | 10.9
Fighting       | 4 |  4.2
Armour         | |  2.4
Dodging        | |  2.1

Action                   |  1- 3 |  4- 6 |  7- 9 || total
-------------------------+-------+-------+-------++-------
Melee: Hand axe          |    84 |   144 |    71 ||   299
       Headbutt          |    10 |    19 |    14 ||    43
Throw: Dart              |       |    11 |     8 ||    19
Invok: Berserk           |       |     1 |       ||     1
  Use: Scroll            |       |     7 |     1 ||     8
       Potion            |       |       |     1 ||     1
  Eat: Chunk             |     1 |    10 |     2 ||    13
Armor: Plate armour      |    45 |    80 |    77 ||   202
       Animal skin       |     2 |       |       ||     2
Dodge: Dodged            |    27 |    43 |    21 ||    91

Levels and vault maps discovered:
D:1:      psy_arrival_conway, layout_loops_ring
D:2:      layout_basic, lemuel_crystal_altar
D:3:      layout_basic, chequers_temple_overflow_statue_of_worship,
          elyvilon_altar_3
D:4:      layout_cave_pools, kennysheep_mini_moat, lemuel_round_altar,
          st_stairs_1, chequers_avenue, uniq_sigmund
D:5:      layout_cave_pools, gammafunk_temple_overflow_wave, first_ration

Table legend:
 A = Turns spent in this place as a percentage of turns spent in the entire game.
 B = Non-inter-level travel turns spent in this place as a percentage of non-inter-level travel turns spent in the entire game.
 C = Inter-level travel turns spent in this place as a percentage of turns spent in this place.
 D = Turns resting spent in this place as a percentage of non-inter-level travel turns spent in this place.
 E = Turns spent auto-exploring this place as a percentage of non-inter-level travel turns spent in this place.
 F = Non-inter-level travel turns spent in this place divided by the number of levels of this place that you've seen.
                   A       B       C       D       E      F
               +-------+-------+-------+-------+-------+----------------------
         Total | 100.0 | 100.0 |   2.5 |   6.6 |  76.3 | 922.0
       Dungeon | 100.0 | 100.0 |   2.5 |   6.6 |  76.3 | 922.0
               +-------+-------+-------+-------+-------+----------------------

Table legend:
 A = Kills in this place as a percentage of kills in entire the game.
 B = Kills by you in this place as a percentage of kills by you in the entire game.
 C = Kills by friends in this place as a percentage of kills by friends in the entire game.
 D = Other kills in this place as a percentage of other kills in the entire game.
 E = Experience gained in this place as a percentage of experience gained in the entire game.
 F = Experience gained in this place divided by the number of levels of this place that you have seen.
                   A       B       C       D       E      F
               +-------+-------+-------+-------+-------+----------------------
         Total | 100.0 | 100.0 |   N/A |   N/A | 100.0 | 255.4
       Dungeon | 100.0 | 100.0 |   N/A |   N/A | 100.0 | 255.4
               +-------+-------+-------+-------+-------+----------------------
